AoeStats
← Lagartixa acessa

Hill Fort

504660012Analyzed
2v2 RM · 27d ago on Sep 6, 2026· 69m 11s· 4 players
Game mode
Random Map
Map size
Medium (4 player)
Population
200
Speed
Normal
Resources
Standard
Victory
Conquest
Starting age
Dark Age
Ending age
Imperial Age
RankedLock teamsTeams togetherTeam positionsShared explorationLock speedFull tech treeHidden civsTurbo modeCheats
Victory
Defeat
🇺🇸 Britons · United States
500
+21
🇺🇸 Mongols · United States
500
+21
🇧🇷 Teutons · Brazil
453
-13
🇧🇷 Britons · Brazil
429
-13
Hunter Barkenbeard
10:26 Feudal Age
12:09 Wheelbarrow
13:19 Double-Bit Axe
15:21 Horse Collar
23:17 Castle Age
25:44 Gold Mining
25:44 Stone Mining
26:26 Heavy Plow
27:53 Gold Shaft Mining
29:05 Padded Archer Armor
28:55 Fletching
30:08 Bow Saw
31:54 Bodkin Arrow
32:15 Leather Archer Armor
32:49 Yeomen
34:48 Forging
34:42 Scale Mail Armor
41:27 Imperial Age
43:43 Elite Longbowman
60:41 Capped Ram
skadoosh
9:50 Feudal Age
13:07 Double-Bit Axe
17:07 Castle Age
28:45 Gold Mining
35:20 Imperial Age
33:26 Wheelbarrow
33:43 Bow Saw
34:53 Wheelbarrow
35:53 Elite Mangudai
37:54 Scale Barding Armor
37:50 Padded Archer Armor
37:41 Fletching
38:52 Capped Ram
40:54 Bodkin Arrow
41:15 Leather Archer Armor
41:20 Chain Barding Armor
41:11 Forging
41:22 Hand Cart
44:28 Bracer
55:55 Iron Casting
guenzo
2:30 Loom
11:36 Feudal Age
12:03 Town Watch
13:49 Horse Collar
15:43 Double-Bit Axe
16:05 Gold Mining
17:40 Wheelbarrow
18:03 Stone Mining
28:01 Castle Age
26:31 Forging
27:42 Scale Mail Armor
30:44 Fishing Lines
31:52 Stone Shaft Mining
33:48 Coinage
33:19 Caravan
34:00 Iron Casting
33:40 Chain Mail Armor
34:12 Bow Saw
34:22 Hand Cart
34:08 Town Patrol
36:15 Heated Shot
38:08 Ironclad
38:54 Scale Barding Armor
39:29 Heavy Plow
44:45 Imperial Age
46:28 Elite Teutonic Knight
47:54 Conscription
55:22 Banking
55:03 Guilds
56:35 Plate Mail Armor
58:16 Crenellations
59:33 Gillnets
62:26 Hoardings
61:22 Sappers
Lagartixa acessa
1:00 Loom
19:55 Feudal Age
21:16 Wheelbarrow
20:26 Town Watch
21:21 Wheelbarrow
20:32 Town Watch
21:25 Horse Collar
21:35 Double-Bit Axe
22:00 Stone Mining
22:01 Gold Mining
26:08 Castle Age
27:36 Town Patrol
27:53 Hand Cart
30:30 Caravan
31:00 Coinage
31:45 Padded Archer Armor
31:36 Fletching
36:21 Imperial Age
34:21 Leather Archer Armor
36:08 Bow Saw
36:30 Bodkin Arrow
37:02 Heavy Plow
38:10 Chemistry
38:20 Elite Longbowman
54:53 Guard Tower
54:50 Arrowslits
54:55 Treadmill Crane
Connection lost

Rejoining the realm…

Still unreachable

The connection could not be restored.

Session expired

The server has moved on; the page needs a fresh start.